 Dungeon Crawl Stone Soup version 0.29-a0-841-g116ddc6ace (webtiles) character file.

Game seed: 6319830610381576802

176 DavidChitty2 the Chopper (level 5, 0/47 HPs)
             Began as a Minotaur Fighter on July 14, 2022.
             Slain by a gnoll bouda
             ... wielding a +0 whip
              (8 damage)
             ... on level 3 of the Dungeon.
             The game lasted 00:02:00 (2150 turns).

DavidChitty2 the Chopper (Minotaur Fighter)         Turns: 2150, Time: 00:02:01

Health: 0/47       AC:  7    Str: 23    XL:     5   Next: 30%
Magic:  4/4        EV:  9    Int:  5    God:
Gold:   194        SH:  4    Dex:  9    Spells: 4/4 levels left

rFire   . . .      SeeInvis .   a - +0 war axe
rCold   . . .      Faith    .   c - +0 buckler
rNeg    . . .      Spirit   .   b - +0 scale mail
rPois   .          Reflect  .   (helmet restricted)
rElec   .          Harm     .   (no cloak)
rCorr   .          Rampage  .   (no gloves)
Will    .....                   (no boots)
Stlth   ..........              (no amulet)
HPRegen 0.15/turn               (no ring)
MPRegen 0.09/turn               (no ring)

@: weakened
A: horns 2, retaliatory headbutt
a: no special abilities


You were on level 3 of the Dungeon.
You visited 1 branch of the dungeon, and saw 3 of its levels.

You collected 194 gold pieces.

Inventory:

Hand Weapons
 a - a +0 war axe (weapon)
Armour
 b - a +0 scale mail (worn)
 c - a +0 buckler (worn)
Scrolls
 g - 2 scrolls of torment {unknown}
 h - 3 scrolls of teleportation {unknown}
 i - a scroll of acquirement {unknown}
 k - a scroll of enchant weapon {unknown}
 l - 3 scrolls of identify {unknown}
 o - a scroll of enchant armour {unknown}
 q - 2 scrolls of blinking {unknown}
 r - 2 scrolls of immolation {unknown}
 s - a scroll of amnesia {unknown}
Potions
 d - a potion of might
 e - a potion of heal wounds {unknown}
 f - a potion of flight {unknown}
 j - a potion of magic {unknown}
 m - a potion of berserk rage {unknown}
 n - a potion of brilliance {unknown}
 p - a potion of mutation {unknown}


   Skills:
 + Level 4.6 Fighting
 * Level 4.6 Axes
 + Level 4.6 Armour
 + Level 4.5 Shields


You had 4 spell levels left.
You didn't know any spells.
Your spell library contained the following spells:

 Spells                   Type           Power      Damage    Failure   Level
 Sandblast                Erth           0%         2d4       86%         1
 Gell's Gravitas          Tloc           0%         N/A       99%         3
 Ignite Poison            Fire/Tmut/Pois 0%         N/A       99%         3
 Lesser Beckoning         Tloc           0%         N/A       99%         3
 Mephitic Cloud           Conj/Pois/Air  0%         N/A       99%         3
 Teleport Other           Tloc           0%         N/A       99%         3
 Hailstorm                Conj/Ice       0%         3d3       100%        4
 Freezing Cloud           Conj/Ice/Air   0%         6-21      100%        5
 Irradiate                Conj/Tmut      0%         3d11      100%        5


Dungeon Overview and Level Annotations

Branches:
Dungeon (3/15)

Altars:

Shops:
D:1 =

Annotations:
D:3 3 runed translucent doors, StoneSoupSpirits's ghost, weakling DsCK; gabibbone's ghost, amateur MfGl


Innate Abilities, Weirdness & Mutations

You have a pair of horns on your head.
You reflexively headbutt those who attack you in melee.


Message History

The gnoll bouda shouts!
The gnoll shouts!
A gnoll comes into view. It is wielding a +0 spear.
The gnoll shouts!
The gnoll bouda gazes fiercely through you!
You feel your attacks grow feeble.
You hit the gnoll. You headbutt the gnoll. The gnoll barely misses you.
You closely miss the gnoll. You hit the gnoll but do no damage.
The gnoll hits you but does no damage.
The gnoll bouda barks out a call to the hunt!
The gnolls pick up the pace!
You block the gnoll's attack. The gnoll hits you with a +0 club.
You hit the gnoll. You completely miss the gnoll. You hit the gnoll bouda.
The gnoll hits you with a +0 club. The gnoll hits you with a +0 flail!
You block the gnoll bouda's attack.
You hit the gnoll but do no damage. You barely miss the gnoll bouda.
You slash the gnoll!
The gnoll hits you from afar with a +0 spear.
You block the gnoll's attack. The gnoll hits you with a +0 club.
The gnoll bouda hits you with a +0 whip.
You barely miss the gnoll. You headbutt the gnoll.
You kill the gnoll!
You hit the gnoll but do no damage.
You hit the gnoll bouda but do no damage.
Your attacks no longer feel as feeble.
The gnoll hits you from afar with a +0 spear.
* * * LOW HITPOINT WARNING * * *
The gnoll hits you with a +0 club.
* * * LOW HITPOINT WARNING * * *
The gnoll throws a throwing net.
The throwing net barely misses you.
The gnoll bouda hits you but does no damage.
The gnoll closely misses you. You furiously retaliate!
You headbutt the gnoll!
You kill the gnoll!
The gnoll throws a throwing net.
You block the throwing net. The gnoll bouda closely misses you.
You see here a throwing net {!f}.
The gnoll bouda attacks as you move away!
The gnoll bouda hits you with a +0 whip.
* * * LOW HITPOINT WARNING * * *
You hit the gnoll bouda. The gnoll hits you but does no damage.
The gnoll bouda gazes fiercely through you!
You feel your attacks grow feeble.
The gnoll bouda hits you with a +0 whip!
* * * LOW HITPOINT WARNING * * *
You closely miss the gnoll bouda. The gnoll hits you but does no damage.
The gnoll bouda misses you.
The gnoll hits you from afar with a +0 spear.
* * * LOW HITPOINT WARNING * * *
You slash the gnoll bouda! The gnoll hits you but does no damage.
The gnoll bouda hits you with a +0 whip!
You die...

. #.≈≈≈≈.#
..#≈≈≈≈≈≈#####.
...P≈≈.≈.......
......)........
......).#
.#.#...(# #.#.##g#
#.#. #.#######.
.#...##@g.......
.......(#######.
.#.#......#
...#...8..#######.
.................
.#..............
#.#..#.#######.
.######.#.#....#
..8..#..#.#.#..#


You could see a gnoll bouda and a gnoll (swift).

Vanquished Creatures
  Natasha (D:3)
  A scorpion zombie (D:3)
  2 hound skeletons (D:3)
  2 gnolls (D:3)
  3 adders (D:2)
  A dart slug (D:3)
  3 ball pythons
  7 bats
  6 endoplasms
  A giant cockroach (D:1)
  2 goblins
  9 hobgoblins
  A jackal (D:2)
  A quokka (D:2)
  2 frilled lizards
  6 kobolds
  4 rats
52 creatures vanquished.

Vanquished Creatures (others)
  A withered plant (D:3)
1 creature vanquished.

Grand Total: 53 creatures vanquished

Notes
Turn   | Place    | Note
-------+----------+-------------------------------------------
     0 | D:1      | DavidChitty2 the Minotaur Fighter began the quest for the
                  | Orb.
     0 | D:1      | Reached XP level 1. HP: 19/19 MP: 0/0
    58 | D:1      | Got the Volume of Silt and Concussion
   303 | D:1      | Found Visok's Jewellery Shop.
   467 | D:1      | Reached XP level 2. HP: 27/27 MP: 1/1
  1035 | D:2      | Reached XP level 3. HP: 16/33 MP: 2/2
  1499 | D:2      | Reached XP level 4. HP: 39/40 MP: 3/3
  2012 | D:3      | Noticed Natasha
  2017 | D:3      | Killed Natasha
  2090 | D:3      | Found a runed translucent gate.
  2092 | D:3      | Found a runed translucent gate.
  2092 | D:3      | Found a runed translucent gate.
  2092 | D:3      | Noticed gabibbone's ghost (amateur MfGl)
  2092 | D:3      | Noticed StoneSoupSpirits's ghost (weakling DsCK)
  2121 | D:3      | Reached XP level 5. HP: 47/47 MP: 4/4
  2150 | D:3      | Slain by a gnoll bouda

Illustrated notes

Levels and vault maps discovered:
D:1:      elethiomel_arrival_quiet, layout_loops_ring, serial_shops, shop
D:2:      minmay_recursive_quarters, layout_loops_ring,
          wander_ebering_terrifying_dragon_lair
D:3:      layout_basic, gammafunk_ghost_cemetery, serial_undead,
          serial_undead_d, serial_undead_f, serial_undead_b, serial_undead_e,
          serial_undead_e, serial_undead_e, serial_undead_a, serial_undead_c,
          shapermc_ecumenical_altar_mp_highgroup, uniq_natasha

Skill      XL: |  1  2  3  4 |
---------------+-------------+-----
Axes           | 3 4 |  4.6
Armour         | 4 |  4.6
Fighting       | 4 |  4.6
Shields        | 4 |  4.5

Action                   |  1- 3 |  4- 6 || total
-------------------------+-------+-------++-------
Melee: War axe           |    80 |    30 ||   110
       Headbutt          |    12 |    10 ||    22
Armor: Scale mail        |    47 |     9 ||    56
Dodge: Dodged            |    42 |    15 ||    57
Block: Buckler           |    16 |     9 ||    25

Table legend: (Time is in decaauts)
 A = Elapsed time spent in this place.
 B = Non-inter-level travel time spent in this place.
 C = Inter-level travel time spent in this place.
 D = Time resting spent in this place.
 E = Time spent auto-exploring this place.
 F = Levels seen in this place.
 G = Mean time per level.
                   A        B        C        D        E       F      G
               +--------+--------+--------+--------+--------+-----+--------+
         Total |   2190 |   2156 |     34 |      6 |   1796 |   3 |  730.0 |
       Dungeon |   2190 |   2156 |     34 |      6 |   1796 |   3 |  730.0 |
               +--------+--------+--------+--------+--------+-----+--------+

Top non-repeatable levels by time:
     D:2: 1192 daAuts
     D:1: 770 daAuts
     D:3: 227 daAuts
